[Event "Late-Titled-Tuesday-Blitz-May-14-2024"]
[Site "Chess.com"]
[Date "2024.05.14"]
[Round "2"]
[White "duone"]
[Black "sofaceindisguise"]
[Result "1-0"]
[WhiteElo "2427"]
[BlackElo "2716"]
[TimeControl "180+1"]
[EndTime "14:19:15 PDT"]
[Termination "duone won by resignation"]

1. e4 c5 2. Nf3 Nc6 3. d4 cxd4 4.
Nxd4 g6 5. Nc3 Bg7 6. Be3 Nf6 7.
Nxc6 bxc6 8. e5 Nd5 9. Nxd5 cxd5 10. Qxd5 Rb8 11. O-O-O O-O 12. f4 d6 13. Bc4 Be6 14. Qd3 Bxc4 15. Qxc4 Qa5 16. Rd5 Qd8 17. Rhd1 Rb7 18. c3 Qb8 19. R1d2 Rc8 20. Qe4 dxe5 21. fxe5 e6 22. Rd7 Rxd7 23. Rxd7 Qb5 24. Qb7 Qf1+ 25. Rd1 Qc4 26. Rd4 Qf1+ 27. Kc2 Rf8 28. Rf4 Qe2+ 29. Bd2 Bxe5 30. Rf3 Qxg2 31. Rxf7 Qxb7 32. Rxb7 Rf2 33. Kd3 Bxh2 34. Rxa7 h5 35. a4 h4 36. a5 h3 37.
a6 Bg1 38. Ra8+ Kg7 39. a7 Rf3+ 40. Ke2 h2 41. Rg8+ Kxg8 42. a8=Q+ Rf8 43. Qe4 Kf7 44.
Be3 Rh8 45. Qh1 Bxe3 46. Kxe3 g5 47. Kf3 Rh4 48. b4 Ke7 49. Kg3 Kd6 50. b5 Kc7 51.
Qc6+ Kd8 52. Qh1 Kc7 53. Kf3 Kb6 54. c4 e5 55. Ke3 e4 56. Kd4 g4 57. c5+ Kxb5 58. Qb1+ Kc6 59. Qxe4+ Kc7 60. Qe7+ Kc6 61. Qxh4 g3 62. Qh6+ Kb5 63. Kd5 g2 64. Qxh2 1-0

[Event "Late-Titled-Tuesday-Blitz-May-14-2024"]
[Site "Chess.com"]
[Date "2024.05.14"]
[Round "2"]
[White "TreinadorBR"]
[Black "djano"]
[Result "0-1"]
[WhiteElo "2319"]
[BlackElo "2535"]
[TimeControl "180+1"]
[EndTime "14:19:15 PDT"]
[Termination "djano won by resignation"]

1. e4 c5 2. Nf3 g6 3. d4 cxd4 4. Nxd4 Nf6 5. Nc3 Nc6 6. Bc4 Bg7 7. Nxc6 bxc6 8. e5 Ng8 9. Qf3 f6 10. O-O Qa5 11. Re1 e6 12. Bd2 f5 13. Nb5 Qxd2 14. Nc7+ Kd8 15. Nxe6+ Ke7 16. Rad1 Qb4 17. Nxg7 Qxc4 18. Rd6 Nh6 19. Qh3 Nf7 20. Rf6 Nxe5 21. Rxf5 gxf5 22. Nxf5+ Kd8 23. Rxe5 Ba6 24. g3 Kc7 25.
Ne3 Qb4 26. c3 Qxb2 27. Qf5 Qc1+ 28. Kg2 Rae8 29. Ra5 Rxe3 30. fxe3 Qd2+ 31. Kh3 Qd3 32. Qe5+ d6 33. Qxh8 Qf1+ 34. Kh4 Kb6 35. Rg5 Qg2 36. Qd4+ c5 37. Qxd6+ Qc6 38. Qxc6+ Kxc6 39. Rg7 Bd3 40. Rxa7 Kb6 41. Rd7 Bc2 42. Rd5 Kc6 43. c4 Be4 44. Re5 Bd3 45. Re6+ Kd7 46. Ra6 Bxc4 47. Ra5 Kc6 48.
a3 Bd3 49. Kg4 c4 50. Kf3 c3 51. Ra4 c2 52. Ra6+ Kc7 53. Ra5 c1=Q 54. Re5 Kd6 55. Rh5 Qf1+ 56. Kg4 Be2+ 57. Kh4 Bxh5 58. Kxh5 Qh3+ 0-1

[Event "Late-Titled-Tuesday-Blitz-May-14-2024"]
[Site "Chess.com"]
[Date "2024.05.14"]
[Round "2"]
[White "Mikayel99"]
[Black "DrVelja"]
[Result "0-1"]
[WhiteElo "2616"]
[BlackElo "2912"]
[TimeControl "180+1"]
[EndTime "14:19:16 PDT"]
[Termination "DrVelja won by resignation"]

1. e4 c5 2. c3 d5 3. exd5 Nf6 4.
Bb5+ Nbd7 5. c4 a6 6. Bxd7+ Bxd7 7. Nf3 e6 8. dxe6 Bxe6 9. b3 Bd6 10. O-O O-O 11. h3 Qd7 12. Bb2 Bxh3 13. Ng5 Bg4 14. Qc2 Bf5 15. Qc3 Rfe8 16. Na3 Be5 17. Qc1 Bd3 18.
Re1 Bf4 19. Nh3 Rxe1+ 20. Qxe1 Re8 21. Nxf4 Rxe1+ 22. Rxe1 h6 23. Bxf6 gxf6 24. Nd5 Kg7 25. Nb1 b5 26. Nbc3 bxc4 27. bxc4 Bxc4 28. Ne3 Qxd2 29.
Nf5+ Kh7 30. Re3 Be6 31. Ng3 f5 32. Nce2 Qxa2 33. Nf4 Kg7 34. Ngh5+ Kf8 35. Nf6 Ke7 36. N6d5+ Kd6 37. Nc3 Qa1+ 38. Kh2 c4 39. Nfe2 a5 40.
Nd4 Kc5 41. Nde2 a4 42. Re5+ Kb6 43. Rb5+ Kc6 44. Nd4+ Kd7 45. Nde2 a3 46. Ra5 Qb2 47. Ra7+ Ke8 48. Ra8+ Ke7 49. Ra7+ Kf6 50. Ra6 f4 51. Nd5+ Ke5 52. Ndc3 f3 53. gxf3 Kf5 54. Kg3 h5 55.
Ra5+ Kg6 56. Kh4 Bf5 57. Ra6+ Kg7 58. Ra5 Bd3 59. Rb5 Bxe2 60. Rxb2 axb2 61. Kg3 Bd3 0-1

[Event "Late-Titled-Tuesday-Blitz-May-14-2024"]
[Site "Chess.com"]
[Date "2024.05.14"]
[Round "2"]
[White "temus_galaktionov"]
[Black "yobdc"]
[Result "1-0"]
[WhiteElo "2863"]
[BlackElo "2482"]
[TimeControl "180+1"]
[EndTime "14:19:16 PDT"]
[Termination "temus_galaktionov won on time"]

1. d4 Nf6 2. c4 g6 3. Nf3 Bg7 4. Nc3 O-O 5. e3 d6 6. Be2 Nbd7 7. O-O e5 8. b3 Re8 9. Bb2 exd4 10.
exd4 b6 11. Re1 Bb7 12. d5 a5 13. Bf1 Nc5 14. Qc2 Bc8 15. Nd4 Bd7 16. Ncb5 h5 17.
Rxe8+ Nxe8 18. Re1 h4 19. Nc6 Bxc6 20. dxc6 Qg5 21.
Bxg7 Kxg7 22. g3 Ne6 23. Qc3+ Kh7 24. Qf3 Kg8 25. Bh3 N8g7 26. Qe3 Qf6 27. Kg2 Nf5 28.
Qd3 Nfd4 29. Bxe6 Nxe6 30. Qf3 Kg7 31. Qxf6+ Kxf6 32. gxh4 Rh8 33. Kg3 Rh5 34. Re3 Rc5 35. Na7 Nd4 36. Re4 Nxc6 37. Nxc6 Rxc6 38. Rf4+ Kg7 39.
Rg4 Rc5 40. Rg5 f5 41. h5 Kh6 42. Rxg6+ Kxh5 43. Rg7 Kh6 44. Rg8 Kh7 45. Rg5 Kh6 46.
Kf4 Re5 47. Rxf5 Re2 48. Kg4 Rxa2 49. h4 Rb2 50. Rf7 Rxb3 51. Rxc7 a4 52. Rc6 a3 53.
Rxd6+ Kg7 54. Rd7+ Kf6 55. Ra7 Rb4 56. Rxa3 Rxc4+ 57.
f4 Rc1 58. Rb3 Rg1+ 59. Kf3 Rh1 60. Rxb6+ Kf5 61. Rb5+ Kf6 62. h5 Rh3+ 63. Kg4 Rh1 64. Rb6+ Kf7 65. Kg5 Rg1+ 66. Kf5 Rh1 67. Rb7+ Kg8 68.
Kg6 Rg1+ 69. Kf6 Rh1 70. Rb8+ Kh7 71. Rb7+ Kg8 72. f5 Rf1 73. Rb5 Rf2 74. Ke6 Re2+ 75. Re5 Ra2 76. Kf6 Kh7 77. Kf7 Ra7+ 78. Re7 Ra6 79.
f6 Ra5 80. Rd7 Rb5 81. Ke8+ Kh6 82. f7 Re5+ 83. Re7 1-0

[Event "Late-Titled-Tuesday-Blitz-May-14-2024"]
[Site "Chess.com"]
[Date "2024.05.14"]
[Round "2"]
[White "Byniolus"]
[Black "VelandiaSaurio"]
[Result "0-1"]
[WhiteElo "2761"]
[BlackElo "2640"]
[TimeControl "180+1"]
[EndTime "14:19:19 PDT"]
[Termination "VelandiaSaurio won by checkmate"]

1. d4 d5 2. Nf3 c6 3. Bf4 Nf6 4. e3 Bf5 5. c4 e6 6. Nc3 Bd6 7. Bg3 Ne4 8. Qb3 b6 9. Be2 O-O 10. Rc1 Qe7 11. Bxd6 Qxd6 12. O-O Nd7 13. cxd5 exd5 14.
Qa4 b5 15. Qa6 Nb6 16. Nxe4 Bxe4 17. Ne5 Rfc8 18. b3 f6 19. Nd3 Bf5 20. Rc3 Rc7 21.
Rfc1 Bd7 22. Qa5 Qe7 23. Nb4 Rac8 24. Bxb5 Qd6 25. Ba6 Rb8 26. Be2 Na4 27. Qxa4 Rxb4 28. Qa3 Kf7 29. h3 Rcb7 30. Rc5 R4b6 31. Qb2 h6 32. Qc2 f5 33. Bd3 Kf6 34. Qe2 g6 35.
Qf3 Kg7 36. g3 Be8 37. Kg2 Re7 38. g4 fxg4 39. hxg4 Bd7 40. Qg3 Qf6 41. Be2 g5 42. Bf3 Rf7 43. Be2 Be8 44. Qe5 Qxe5 45. dxe5 Re7 46. f4 Rb4 47. Kf3 Rf7 48. f5 Re4 49. b4 Rxe5 50. b5 cxb5 51. Bxb5 Rfe7 52. R1c3 Kf6 53. Bxe8 Rxe8 54. Rc6+ Kg7 55. Rc7+ Kg8 56. Rxa7 d4 57. exd4 Re1 58. Ra6 Rf1+ 59. Kg2 Rf4 60. Rg6+ Kf7 61. Rg3 Re2+ 62. Kg1 Rxa2 63. Rb3 Rxd4 64.
Rb7+ Kf8 65. Rxh6 Rd1# 0-1

[Event "Late-Titled-Tuesday-Blitz-May-14-2024"]
[Site "Chess.com"]
[Date "2024.05.14"]
[Round "2"]
[White "Rud_Makarian"]
[Black "IamSchrodingersCat"]
[Result "1-0"]
[WhiteElo "2956"]
[BlackElo "2649"]
[TimeControl "180+1"]
[EndTime "14:19:22 PDT"]
[Termination "Rud_Makarian won by checkmate"]

1. d4 Nf6 2. c4 g6 3. Nc3 Bg7 4. e4 d6 5. Be2 O-O 6. Be3 e5 7. d5 Na6 8. g4 h6 9. h4 Nh7 10. h5 Ng5 11. Nf3 Bf6 12. hxg6 fxg6 13. Rxh6 Kg7 14.
Rh1 Nxf3+ 15. Bxf3 Bg5 16. Qd2 Bf4 17. Ne2 Bxe3 18. Qxe3 Rh8 19. O-O-O Bd7 20. Rxh8 Qxh8 21. Rh1 Qg8 22. Ng1 Rf8 23. Be2 Qf7 24. Qh6+ Kf6 25.
Qe3 Kg7 26. f3 Qf4 27. Qxf4 exf4 28. Nh3 b6 29. Nf2 Nc5 30. b4 Nb7 31. Nd3 Nd8 32.
Kd2 g5 33. e5 dxe5 34. Nxe5 Bc8 35. Kc3 Nf7 36. Nxf7 Rxf7 37. Bd3 Re7 38. Kd4 Rf7 39. Be4 Re7 40. c5 Bd7 41. d6 cxd6 42. cxd6 Rf7 43.
Ke5 Bb5 44. Rh5 Rf8 45. Rxg5+ Kh6 46. Rg6+ Kh7 47. Rf6+ Kg7 48. Rxf8 Kxf8 49. Kxf4 Bc4 50. a3 a5 51. Ke5 Ke8 52. f4 axb4 53. axb4 Kd8 54.
g5 Bf7 55. f5 Bg8 56. g6 Kd7 57. f6 Bc4 58. g7 b5 59. Bf5+ Kc6 60. Be6 Bd3 61.
f7 Bg6 62. f8=Q Kb6 63. d7 Be8 64. Qc5+ Ka6 65. Qc8+ Kb6 66. d8=Q+ Ka7 67. g8=Q Bc6 68. Qg1# 1-0

[Event "Late-Titled-Tuesday-Blitz-May-14-2024"]
[Site "Chess.com"]
[Date "2024.05.14"]
[Round "2"]
[White "secretworker2027"]
[Black "Rsnr"]
[Result "1/2-1/2"]
[WhiteElo "2623"]
[BlackElo "2896"]
[TimeControl "180+1"]
[EndTime "14:19:23 PDT"]
[Termination "Game drawn by repetition"]

1. e4 c6 2. Nf3 d5 3. d3 g6 4. e5 f6 5. d4 fxe5 6. Nxe5 Bg7 7. Bd3 Nd7 8. Bf4 Qb6 9. O-O Nxe5 10. dxe5 Nh6 11.
Qc1 Nf7 12. Re1 O-O 13. Bg3 Bh6 14. Qd1 Qxb2 15. Nd2 Qc3 16. Nf3 Bg4 17. Be2 e6 18. Rb1 b5 19. Nd4 Bxe2 20. Rxe2 Rae8 21. Qd3 Qxd3 22.
cxd3 Nd8 23. Rc2 Rf7 24. Bh4 g5 25. Bg3 a6 26. Nxc6 Rc7 27. Rbc1 Bf8 28. Nd4 Rxc2 29. Rxc2 Nb7 30. h4 Nc5 31. hxg5 Nxd3 32. Rc7 Bg7 33. Nc6 Bf8 34. f4 b4 35. Kh2 Nc5 36. Nd4 a5 37.
Be1 Nd3 38. Bd2 a4 39. g3 Bc5 40. Ne2 b3 41. axb3 axb3 42. Rb7 b2 43. Bc3 Rc8 44. Bxb2 Nxb2 45. Rxb2 Be3 46. Kg2 d4 47. Kf3 Kf7 48.
Rb7+ Kg6 49. g4 Rc6 50. Ke4 h6 51. gxh6 Kxh6 52. f5 exf5+ 53. gxf5 Bf2 54. e6 Kg5 55. e7 Rc8 56. Nxd4 Bxd4 57. Kxd4 Kxf5 58. Kd5 Kf6 59. Kd6 Kf7 60. Kd7 Re8 61. Kd6 Ra8 62. Rc7 Ra6+ 63. Kd7 Ra8 64. Kd6 Ra6+ 65. Kd7 Ra8 66. Kd6 1/2-1/2

[Event "Late-Titled-Tuesday-Blitz-May-14-2024"]
[Site "Chess.com"]
[Date "2024.05.14"]
[Round "2"]
[White "super_emi_26"]
[Black "shrek4life02"]
[Result "1-0"]
[WhiteElo "2876"]
[BlackElo "2603"]
[TimeControl "180+1"]
[EndTime "14:19:23 PDT"]
[Termination "super_emi_26 won on time"]

1. b3 a5 2. Bb2 a4 3. Nf3 e6 4. b4 Nf6 5. a3 c5 6. bxc5 Bxc5 7. e3 O-O 8. d4 Be7 9. Nbd2 Nc6 10. Bd3 Rb8 11. c4 d5 12. O-O dxc4 13. Nxc4 b5 14.
Nce5 Na5 15. Bc3 Bb7 16. Qe1 Nb3 17. Ra2 Nd5 18. Bb2 Ba8 19. Qb1 g6 20. h4 Bxh4 21. Nxh4 Qxh4 22. Nf3 Qe7 23. Bc2 Rfc8 24. Ba1 Nxa1 25.
Rxa1 Nc3 26. Qb2 Bxf3 27. gxf3 Ne2+ 28. Kg2 Qg5+ 29. Kh2 Qh4+ 30. Kg2 Qg5+ 31. Kh2 Qh4+ 32. Kg2 h5 33. Be4 Qg5+ 34. Kh3 Nc3 35. Bd3 Qf6 36.
Kg2 h4 37. Rh1 Kg7 38. Rh3 Qg5+ 39. Kh2 Nd5 40. Rg1 Qf6 41. Rg4 Rc3 42. Qb1 Rb3 43. Qc2 Rc3 44. Qd2 Rxa3 45. Rgxh4 b4 46. e4 Rxd3 47.
Rh7+ Kg8 48. Qh6 Qf4+ 49. Qxf4 Nxf4 50. Rh8+ Kg7 51. R3h7+ Kf6 52. Rxb8 b3 53. Rb7 Rxf3 54. Rhxf7+ Kg5 55. Rb5+ Kh6 56. Ra7 Rxf2+ 57. Kg3 Rf1 58. Rxa4 Ne2+ 59. Kg2 Rb1 60. Rab4 Nc1 61. d5 exd5 62.
exd5 Rb2+ 63. Kf3 Rd2 64. Ke4 g5 65. Rb8 Kh5 66. R4b7 Kg4 67. Ke5 Kf3 68. d6 g4 69.
Rf8+ Kg2 70. d7 b2 71. d8=Q Rxd8 72. Rxd8 Kf1 73. Rxb2 Ne2 74. Rd1+ Kf2 75. Rdd2 g3 76. Rxe2+ Kf1 77. Kf4 g2 78. Rxg2 1-0

[Event "Late-Titled-Tuesday-Blitz-May-14-2024"]
[Site "Chess.com"]
[Date "2024.05.14"]
[Round "2"]
[White "Grischuk"]
[Black "PositionalPanther"]
[Result "1-0"]
[WhiteElo "3134"]
[BlackElo "2534"]
[TimeControl "180+1"]
[EndTime "14:19:24 PDT"]
[Termination "Grischuk won by checkmate"]

1. d4 d5 2. c4 e6 3. Nc3 a6 4. cxd5 exd5 5. Bf4 Nf6 6. e3 c5 7. Nge2 Nc6 8. g3 cxd4 9. exd4 h6 10. Bg2 Bd6 11. O-O Be6 12. Qb3 Na5 13. Qc2 O-O 14. Rad1 Rc8 15. Qb1 Bg4 16. Bxd6 Qxd6 17. h3 Bxe2 18.
Nxe2 Rfe8 19. Nf4 Ne4 20. Rfe1 f5 21. Re2 g5 22. Nd3 Nc6 23. Nc5 Nxd4 24. Rxd4 Qxc5 25. Qd3 Nf6 26. Bxd5+ Nxd5 27. Rxd5 Qc1+ 28. Kh2 Rxe2 29. Qxe2 Qc6 30. Rxf5 Re8 31. Qd2 Qe6 32. Rd5 Qe2 33. a3 Qxd2 34. Rxd2 Re6 35. Kg2 b5 36. b4 Kf7 37.
Rd7+ Kg6 38. Ra7 Rc6 39. g4 Kf6 40. f3 Kg6 41. Kg3 Kf6 42. h4 gxh4+ 43. Kxh4 Kg6 44.
f4 Kf6 45. f5 Ke5 46. Kh5 Kf4 47. Rh7 Rc3 48. Rxh6 Rh3+ 49. Kg6 Rxa3 50. g5 Rf3 51. f6 Ke5 52. f7 Ke6 53. Kg7+ Ke7 54. g6 a5 55. Rh8 axb4 56. f8=Q+ Rxf8 57. Rxf8 b3 58. Rf3 b2 59. Rb3 b1=Q 60. Rxb1 b4 61. Rxb4 Kd6 62. Rf4 Kc5 63. Rf7 Kd5 64. Kf6 Kc5 65. g7 Kb5 66. g8=Q Ka5 67. Rb7 Ka4 68. Qa8# 1-0

[Event "Late-Titled-Tuesday-Blitz-May-14-2024"]
[Site "Chess.com"]
[Date "2024.05.14"]
[Round "2"]
[White "Meri-Arabidze"]
[Black "SujanaLohani"]
[Result "0-1"]
[WhiteElo "2685"]
[BlackElo "2063"]
[TimeControl "180+1"]
[EndTime "14:19:26 PDT"]
[Termination "SujanaLohani won by checkmate"]

1. Nf3 Nf6 2. c4 g6 3. g3 Bg7 4. Bg2 O-O 5. O-O d5 6. cxd5 Nxd5 7. Nc3 c5 8. Nxd5 Qxd5 9. d3 Nc6 10. a3 Rd8 11.
Qc2 Bg4 12. Be3 b6 13. Rab1 Rac8 14. Qa4 Bd7 15. Qh4 h5 16. Bg5 f6 17. Be3 Qf7 18.
b4 g5 19. Qe4 cxb4 20. axb4 f5 21. Qc4 Be6 22. Qb5 Rd5 23. Qa4 f4 24. Nxg5 Rxg5 25.
Bxf4 b5 26. Qa6 Rg6 27. Rfc1 Bd7 28. Qb7 Qe8 29. Be4 Rf6 30. Bg5 Rd6 31. Bf4 Be5 32. Be3 Rb8 33. Qa6 Nxb4 34. Qa3 a5 35. Qb3+ Be6 36. Qd1 Na2 37. Rc2 Nc3 38. Rxc3 Bxc3 39. Bc5 Rdd8 40. e3 Bg7 41. d4 b4 42. Qf3 Bf7 43.
Bd3 Bg6 44. Bc4+ Kh7 45. Qf4 e5 46. Qg5 exd4 47. exd4 Bxd4 48. Bxd4 Rxd4 49. Bf1 Bxb1 50. Qf6 Rd7 51. Qf4 Bg6 52. Bh3 Rbb7 53. Bf5 Rd1+ 54.
Kg2 Qc6+ 55. Kh3 Rf7 56. Bxg6+ Qxg6 57. Qe5 Qg4+ 58. Kg2 Rd2 59. h4 Rfxf2+ 60. Kg1 Rg2+ 61. Kh1 Qh3# 0-1

[Event "Late-Titled-Tuesday-Blitz-May-14-2024"]
[Site "Chess.com"]
[Date "2024.05.14"]
[Round "2"]
[White "dretch"]
[Black "hblanco"]
[Result "1-0"]
[WhiteElo "2885"]
[BlackElo "2605"]
[TimeControl "180+1"]
[EndTime "14:19:27 PDT"]
[Termination "dretch won by resignation"]

1. d4 d5 2. c4 e6 3. Nc3 Nf6 4. cxd5 exd5 5. Bg5 c6 6. e3 Be7 7. Qc2 Nbd7 8. Bd3 O-O 9. Nf3 Re8 10. O-O Nf8 11. h3 Ne6 12. Bxf6 Bxf6 13. Bxh7+ Kf8 14. Bd3 g6 15. Rad1 Kg7 16. Rfe1 Qd6 17. Bf1 Qb4 18. a3 Qb6 19. Na4 Qc7 20. b4 b6 21. Rc1 Bd7 22. b5 Rac8 23. bxc6 Bxc6 24. Qb3 Qd6 25. Nc3 Rh8 26. Qb4 Qb8 27. Bb5 Qa8 28. Bxc6 Qxc6 29. Qb5 Qxb5 30. Nxb5 a6 31. Na7 Rxc1 32. Rxc1 b5 33. Nc8 Rd8 34. Ne5 Kf8 35. Nb6 Bxe5 36. dxe5 d4 37. exd4 Rxd4 38. Rc8+ Kg7 39. Ra8 Re4 40. Nd7 Re1+ 41. Kh2 Rd1 42. Nf6 Nf8 43. Ne8+ Kg8 44. Nf6+ Kg7 45. Rxa6 Re1 46.
f4 Re2 47. Ne8+ Kg8 48. Ra7 Ne6 49. Nd6 Nxf4 50. Rxf7 Rxg2+ 51. Kh1 Rf2 52. Ne4 Rf1+ 53. Kh2 Rf3 54. Ng5 Rf2+ 55. Kg3 Rg2+ 56. Kxf4 Rf2+ 57.
Kg4 Rxf7 58. Nxf7 Kxf7 59. Kg5 Kg7 60. e6 Kf8 61. Kxg6 Ke7 62. Kf5 b4 63. axb4 1-0

[Event "Late-Titled-Tuesday-Blitz-May-14-2024"]
[Site "Chess.com"]
[Date "2024.05.14"]
[Round "2"]
[White "HowTo2Draw"]
[Black "Kosak12"]
[Result "1-0"]
[WhiteElo "2564"]
[BlackElo "2761"]
[TimeControl "180+1"]
[EndTime "14:19:27 PDT"]
[Termination "HowTo2Draw won by resignation"]

1. c4 Nf6 2. g3 e6 3. Bg2 d5 4. Nf3 dxc4 5. Qa4+ Nbd7 6. Qxc4 a6 7. Qc2 c5 8. O-O b6 9. Ne5 Nd5 10. d4 Bb7 11. Nxd7 Qxd7 12. dxc5 Bxc5 13. Nc3 Nxc3 14. Qxc3 O-O 15. Bxb7 Qxb7 16. Be3 Rac8 17. Bxc5 Rxc5 18. Qd3 Rfc8 19. Rfd1 h5 20. h4 Rd5 21. Qb3 Rb5 22.
Qa3 a5 23. Rd2 Qe4 24. Rad1 Rc2 25. Qe7 Rxd2 26. Rxd2 Rf5 27. Qd8+ Kh7 28. Qxb6 g5 29. Qd4 Qb1+ 30. Rd1 Qxa2 31. hxg5 Rxg5 32. Qc3 Qa4 33. Rd8 Rg7 34. Qd3+ f5 35. Rd6 Qg4 36. Rxe6 h4 37.
Re5 Rf7 38. Qf3 Qg5 39. Qf4 Qxf4 40. gxf4 Rb7 41. Rxf5 Rxb2 42. e3 a4 43. Ra5 Ra2 44. Rh5+ Kg6 45. Rg5+ Kf6 46. Kg2 a3 47. Ra5 Ra1 48.
Kh3 a2 49. Kh2 h3 50. e4 Ke6 51. f5+ Kf6 52. f4 Ke7 53. e5 Rf1 54. Rxa2 Rxf4 55.
Ra7+ Ke8 56. f6 Rf5 57. Re7+ Kf8 58. Kxh3 Rf1 59. Kg4 Rg1+ 60. Kf5 Rf1+ 61. Ke6 Ra1 62. Rd7 Ra6+ 63. Rd6 Ra8 64. Kf5 Ra5 65. Rc6 Rb5 66.
Rc7 Ra5 67. Kg6 Ra8 68. Rh7 Kg8 69. f7+ Kf8 70. Rh8+ Ke7 71. Rxa8 1-0

[Event "Late-Titled-Tuesday-Blitz-May-14-2024"]
[Site "Chess.com"]
[Date "2024.05.14"]
[Round "2"]
[White "NikitaShnadrygin"]
[Black "ural58"]
[Result "1-0"]
[WhiteElo "2758"]
[BlackElo "2456"]
[TimeControl "180+1"]
[EndTime "14:19:28 PDT"]
[Termination "NikitaShnadrygin won by resignation"]

1. e4 d5 2. exd5 Qxd5 3. Nf3 Bg4 4. Be2 Nc6 5. h3 Bxf3 6. Bxf3 Qe6+ 7. Qe2 Nd4 8. Qxe6 Nxf3+ 9. gxf3 fxe6 10. d4 g6 11. Be3 Nh6 12. Na3 Nf5 13. Nb5 Kd7 14. Ke2 a6 15. Nc3 Rd8 16. Ne4 b6 17. Rad1 Bh6 18. h4 Bxe3 19. fxe3 h6 20. Rdg1 Rhg8 21. Rg4 Ke8 22. c3 Kf7 23. Nf2 c5 24. Nd3 cxd4 25. cxd4 g5 26. Ne5+ Kf8 27. hxg5 hxg5 28. Rhg1 Rc8 29. Kd3 b5 30. f4 Nd6 31. fxg5 Nc4 32.
Rf1+ Ke8 33. Nxc4 Rxc4 34. b3 Rc6 35. Rg2 e5 36. d5 Rcg6 37. Rfg1 e6 38. Ke4 exd5+ 39.
Kxd5 Ke7 40. Kxe5 Re6+ 41. Kf5 Rf8+ 42. Kg4 Rxe3 43. Rc2 Re4+ 44. Kg3 Rf5 45. Kh3 Kd6 46. Rg4 Re1 47. Rg3 Rh1+ 48. Kg4 Rd5 49. Rf2 Ke7 50. Rf4 Rh8 51. Re3+ Kd6 52. Rf6+ Kc5 53. Rf5 Rxf5 54.
Kxf5 Rf8+ 55. Kg6 Rf2 56. a3 Ra2 57. b4+ Kd4 58. Rg3 a5 59. bxa5 Kc5 60. Kf7 Rf2+ 61. Kg8 Rf4 62. g6 Ra4 63. g7 Rxa5 64. Kh8 1-0

[Event "Late-Titled-Tuesday-Blitz-May-14-2024"]
[Site "Chess.com"]
[Date "2024.05.14"]
[Round "2"]
[White "NMJeevanK"]
[Black "rionelG"]
[Result "1-0"]
[WhiteElo "2723"]
[BlackElo "2308"]
[TimeControl "180+1"]
[EndTime "14:19:30 PDT"]
[Termination "NMJeevanK won on time"]

1. e4 c5 2. Nf3 d6 3. d4 cxd4 4.
Nxd4 Nf6 5. Nc3 a6 6. Be2 e5 7.
Nb3 Be7 8. O-O Be6 9. Be3 Nbd7 10.
Kh1 Qc7 11. f4 Rc8 12. f5 Bc4 13. Qd2 b5 14. a3 O-O 15. Rad1 Nb6 16. Bxb6 Qxb6 17.
Rf3 Rfd8 18. Rg3 d5 19. Qg5 Bf8 20. Bxc4 bxc4 21. Nd2 d4 22. Na4 Qc6 23. b3 c3 24.
Nc4 Nxe4 25. Qh4 Nf2+ 26. Kg1 Nxd1 27. f6 d3 28. fxg7 Bc5+ 29. Kf1 d2 30. Rh3 Qg6 31. Nxc5 Rxc5 32. Qxd8+ Kxg7 33. Rg3 Rxc4 34. Rxg6+ hxg6 35. bxc4 Ne3+ 36. Ke2 d1=Q+ 37. Qxd1 Nxd1 38. Kxd1 f5 39. Ke2 Kf6 40. Kd3 e4+ 41. Kxc3 Ke5 42. g3 g5 43. a4 f4 44. Kd2 Kd4 45. gxf4 gxf4 46. h4 e3+ 47. Ke2 Ke4 48. c5 f3+ 49. Ke1 f2+ 50. Ke2 Kd4 51. c6 Kc3 52. c7 f1=Q+ 53. Kxf1 Kd2 54. c8=Q e2+ 55. Kg2 e1=Q 56. Qxa6 Kxc2 57.
Qc4+ Kb2 58. Kh3 Qe3+ 59. Kg4 Qg1+ 60. Kf5 Qf2+ 61. Qf4 Qc2+ 62. Kg5 1-0

[Event "Late-Titled-Tuesday-Blitz-May-14-2024"]
[Site "Chess.com"]
[Date "2024.05.14"]
[Round "2"]
[White "Slovineanu"]
[Black "VirtualCoach"]
[Result "1-0"]
[WhiteElo "2480"]
[BlackElo "2207"]
[TimeControl "180+1"]
[EndTime "14:19:37 PDT"]
[Termination "Slovineanu won on time"]

1. d4 Nf6 2. Nf3 e6 3. c4 d5 4. e3 c6 5. Nbd2 Nbd7 6. Bd3 Bd6 7. O-O O-O 8. e4 dxe4 9. Nxe4 Nxe4 10. Bxe4 Nf6 11. Bc2 Re8 12. Bg5 h6 13. Bh4 Be7 14. Qd3 b6 15. Rad1 Ba6 16. b3 c5 17. Rfe1 cxd4 18.
Ne5 Bd6 19. Ng4 Be7 20. Bg3 Bb7 21. Be5 h5 22. Nxf6+ Bxf6 23. Qh7+ Kf8 24. Qh8+ Ke7 25. Bxf6+ gxf6 26. Qxh5 Qd6 27. Qh4 Rg8 28. g3 Rad8 29. Be4 Bxe4 30. Rxe4 e5 31. f4 Kd7 32. Rf1 Qe6 33. fxe5 fxe5 34. Rf6 Qe7 35. Qh6 d3 36. Re1 d2 37. Rd1 Ke8 38. Rf2 e4 39. Rfxd2 Rxd2 40. Rxd2 Qc5+ 41. Kg2 e3 42. Re2 Qc6+ 43. Kg1 Qc5 44.
Qxe3+ Qxe3+ 45. Rxe3+ Kd7 46. Kg2 Kc6 47. h4 Kc5 48. h5 Rg7 49. Kh3 Kb4 50. Kh4 Ka3 51.
Re2 a5 52. g4 a4 53. bxa4 Kxa4 54. Rb2 Ka3 55. Rxb6 Kxa2 56. h6 Rh7 57. Kh5 Ka3 58. c5 Ka4 59. c6 f6 60. Rb7 Rh8 61. c7 Rc8 62. h7 1-0

[Event "Late-Titled-Tuesday-Blitz-May-14-2024"]
[Site "Chess.com"]
[Date "2024.05.14"]
[Round "2"]
[White "rikchessmx"]
[Black "BestestBP"]
[Result "0-1"]
[WhiteElo "2445"]
[BlackElo "2177"]
[TimeControl "180+1"]
[EndTime "14:19:41 PDT"]
[Termination "BestestBP won on time"]

1. e4 e5 2. Nf3 Nc6 3. Bb5 a6 4. Ba4 Nf6 5. O-O Be7 6. Re1 b5 7. Bb3 d6 8. h3 Na5 9. d3 Nxb3 10.
axb3 O-O 11. c4 Bd7 12. Nc3 b4 13. Nd5 Nxd5 14. exd5 f5 15. Qe2 Bf6 16. Qd2 a5 17.
Qe2 c6 18. dxc6 Bxc6 19. Nh2 Qc7 20. Qh5 g6 21. Qh6 Bg7 22. Qh4 Rae8 23. Bh6 d5 24.
Bxg7 Kxg7 25. Nf1 d4 26. Qg3 f4 27. Qg4 e4 28. dxe4 Bxe4 29. Nd2 Bc6 30. Qg5 Rf5 31. Qg4 h5 32. Qd1 Rxe1+ 33. Qxe1 f3 34. Nxf3 Bxf3 35. gxf3 Rxf3 36. Kg2 Qf4 37. Rxa5 Kh6 38. Re5 d3 39. Rd5 h4 40. c5 Qf7 41. Qd2+ Kh7 42. Rxd3 Rxd3 43.
Qxd3 Qb7+ 44. Qf3 Qc7 45. c6 g5 46. Qd5 Qf4 47. Qd7+ Kh6 48. c7 Qe4+ 49. Kf1 Qb1+ 50.
Ke2 Qxb2+ 51. Qd2 Qe5+ 52. Kf1 Qxc7 53. Qxb4 Qc1+ 54. Kg2 Qc6+ 55. Kg1 Qc1+ 56. Kg2 Qc6+ 57. Kf1 Qc1+ 58. Ke2 Qc2+ 59. Ke3 Qc1+ 60. Qd2 Qc5+ 61. Qd4 Qc1+ 62. Ke4 Qc2+ 63. Ke5 Qe2+ 64. Kf6 Qf3+ 65.
Ke7 Qxh3 66. Qh8+ Kg6 67. Qg8+ Kh5 68. Qh7+ Kg4 69. Qe4+ Kh5 70. Qh7+ Kg4 0-1

[Event "Late-Titled-Tuesday-Blitz-May-14-2024"]
[Site "Chess.com"]
[Date "2024.05.14"]
[Round "2"]
[White "1800_strength"]
[Black "Cherepov_Alexej"]
[Result "1-0"]
[WhiteElo "2767"]
[BlackElo "2410"]
[TimeControl "180+1"]
[EndTime "14:19:46 PDT"]
[Termination "1800_strength won on time"]

1. a4 e5 2. Ra3 Nf6 3. g3 Nc6 4.
Bg2 Bc5 5. Rc3 Bd4 6. e3 Bxc3 7.
Nxc3 O-O 8. b3 d5 9. Bb2 d4 10. Nce2 d3 11. Nc1 dxc2 12. Qxc2 Nb4 13. Qc3 a5 14.
Qxe5 Ra6 15. Nge2 Re8 16. Qc3 Bg4 17. O-O Bxe2 18. Nxe2 Qd3 19. Nf4 Qxc3 20. Bxc3 Rb6 21. Bd4 Rd6 22. Bxb7 Rb8 23. Bf3 Nc2 24. Be5 Rxd2 25.
Bc3 Rd7 26. Rc1 Nb4 27. Be5 Nd3 28. Bxf6 Nxc1 29. Bc3 Rxb3 30. Bxa5 Ra3 31. Kg2 c5 32. Bc6 Ra7 33. Bb6 Ra6 34. Nd5 Ra2 35. Bb5 Ra8 36. Bxc5 Nb3 37. Bb6 Nd2 38. Nc3 Rc2 39. Bd4 Nb3 40.
Ne2 Rb8 41. Kf3 Nxd4+ 42. Nxd4 Rb2 43. h4 h5 44. Kg2 g6 45. Bc6 R2b4 46. a5 Rc8 47. a6 Rb2 48. a7 Ra2 49. a8=Q Raxa8 50. Bxa8 Rxa8 51. Kf3 Kg7 52. Ne2 Re8 53. Nf4 Rd8 54. g4 Ra8 55. gxh5 gxh5 56. Nxh5+ Kg6 57. Ng3 Kf6 58. Kg4 Rg8+ 59. Kf4 Rh8 60. h5 Ke6 61. Kg4 Rg8+ 62. Kh4 Kf6 63. f4 Rh8 64. e4 Rg8 65. e5+ Ke6 66. h6 f6 67. Ne4 fxe5 68. Ng5+ Kf5 69.
Nf7 Rf8 70. Nxe5 Kf6 71. Nd7+ Kf7 72. Nxf8 Kxf8 73. Kg5 Kg8 74. Kg6 Kh8 75. Kf7 Kh7 76. f5 Kxh6 77. f6 Kh7 78. Ke7 1-0